[Event "2026 European Womens Championship"]
[Site "Batumi, GE"]
[Date "2026.05.28"]
[Round "4"]
[White "Avetisyan, Ani"]
[Black "Maisuradze, Nino"]
[Result "0-1"]
[Board "56"]
[TimeControl "5400+30"]
[WhiteFideId "13319035"]
[BlackFideId "13601717"]
[WhiteElo "2052"]
[BlackElo "2198"]
[BlackTitle "WGM"]
[WhiteClock "0:28:08"]
[BlackClock "0:27:43"]
[Variant "Standard"]

1. d4 Nf6 2. Nf3 c5 3. d5 d6 4. c4 e5 5. Nc3 Be7 6. e4 Nbd7 7. Bd3 Nf8 8. O-O Ng6 9. a4 a5 10. h3 h5 11. Ne2 h4 12. Be3 Nh5 13. Qc1 Bd7 14. b3 Bf6 15. Ra2 Qc8 16. Kh2 Ke7 17. Bd2 b6 18. Bc2 Qc7 19. Bd1 Rag8 20. Kh1 Qc8 21. Nh2 Ke8 22. Qc3 Be7 23. Ng1 Ngf4 24. Bg4 g6 25. Bxd7+ Qxd7 26. Raa1 f5 27. Rae1 fxe4 28. Rxe4 Nf6 29. Ree1 g5 30. Ngf3 Kd8 31. Nxe5 dxe5 32. Qxe5 Qd6 33. Qf5 Rf8 34. Qxg5 Ne4 35. Bxf4 Rxf4 36. Qg7 Rhf8 37. Ng4 Ng3+ 38. Kg1 R4f7 39. Qc3 Nxf1 40. Ne5 Rxf2 41. Nc6+ Kc8 42. Nxe7+ Kb7 43. Re5 Ng3 44. Kh2 Rf1 0-1

[Event "2026 European Womens Championship"]
[Site "Batumi, GE"]
[Date "2026.05.28"]
[Round "4"]
[White "Khurtsilava, Inga"]
[Black "Hariharan, Shambavi"]
[Result "1/2-1/2"]
[Board "57"]
[TimeControl "5400+30"]
[WhiteFideId "13600419"]
[BlackFideId "488160"]
[WhiteElo "2175"]
[BlackElo "2008"]
[WhiteTitle "WGM"]
[BlackTitle "WFM"]
[WhiteClock "0:05:47"]
[BlackClock "0:05:10"]
[Variant "Standard"]

1. Nf3 Nf6 2. b3 e6 3. Bb2 b6 4. e3 Bb7 5. d4 c5 6. Bd3 cxd4 7. exd4 Be7 8. Nbd2 d6 9. Qe2 Nbd7 10. c4 Rc8 11. O-O O-O 12. Rfe1 Re8 13. Rad1 Bf8 14. Nf1 g6 15. Ng3 Bg7 16. h4 d5 17. h5 Qc7 18. Ne5 dxc4 19. bxc4 Nxe5 20. dxe5 Nd7 21. Qe3 Nc5 22. Bf1 Red8 23. h6 Bf8 24. Bd4 Qe7 25. Qf4 Rc7 26. Be3 Rxd1 27. Rxd1 Rd7 28. Rc1 Qd8 29. Qg4 Qc7 30. Qg5 Qd8 31. Qg4 Qc7 32. Qf4 Qd8 33. Be2 Nd3 34. Bxd3 Rxd3 35. Qg4 Qc7 36. Qe2 Qc6 37. Qf1 Ba3 38. Rb1 Qxc4 39. Ne2 Qe4 40. Nf4 Rxe3 41. fxe3 Qxe3+ 42. Kh2 Qxe5 43. g3 Bf8 44. Re1 Qa5 45. Qf2 Bxh6 46. Nh3 Bd5 47. Re2 Bc4 48. Rc2 b5 49. Qg2 Qd8 50. Nf2 Bd5 51. Qf1 Bc4 52. Qe1 Bg7 53. Rd2 Qc7 54. Qd1 Be5 55. Ne4 Bd5 56. Rxd5 exd5 57. Qxd5 h6 58. Kg2 Kh7 59. g4 Qc2+ 60. Kf3 Qc7 61. Qxb5 Qe7 62. Qd5 Qa3+ 63. Kg2 Qe7 64. Kf3 Qa3+ 65. Kg2 Qe7 66. Kf3 f5 67. gxf5 gxf5 68. Nc5 Qg7 69. Ke2 Qg4+ 70. Kd3 Qd1+ 71. Kc4 Qxd5+ 72. Kxd5 Bg3 73. Ne6 Kg6 74. a4 h5 75. Kd4 h4 76. Ke3 Kf6 77. Nd4 Bh2 78. Kf2 Bd6 79. Kg2 Bc5 80. Nf3 Be3 81. Nxh4 Ke5 82. Kf3 f4 83. Ng6+ Kd4 84. Nxf4 Bxf4 85. Kxf4 a5 86. Kf3 Kc4 87. Ke2 Kb3 88. Kd3 Kxa4 89. Kc2 Ka3 90. Kb1 a4 91. Ka1 Kb3 92. Kb1 a3 93. Ka1 a2 1/2-1/2

[Event "2026 European Womens Championship"]
[Site "Batumi, GE"]
[Date "2026.05.28"]
[Round "4"]
[White "Esadze, Tamari"]
[Black "Starosta, Martyna"]
[Result "1/2-1/2"]
[Board "58"]
[TimeControl "5400+30"]
[WhiteFideId "13611186"]
[BlackFideId "21818754"]
[WhiteElo "1974"]
[BlackElo "2175"]
[BlackTitle "WIM"]
[WhiteClock "0:05:00"]
[BlackClock "0:10:37"]
[Variant "Standard"]

1. e4 e6 2. d4 d5 3. Nd2 Be7 4. Ngf3 Nf6 5. e5 Nfd7 6. Bd3 c5 7. c3 Nc6 8. O-O a5 9. Re1 cxd4 10. cxd4 Qb6 11. Qa4 g5 12. h3 h5 13. g4 hxg4 14. hxg4 Nf8 15. Qb5 Qa7 16. Bb1 Bd7 17. Qe2 Nxd4 18. Nxd4 Qxd4 19. Nb3 Qb6 20. Be3 Qc7 21. Bd4 Ng6 22. Bxg6 fxg6 23. Rac1 Bc6 24. Qd3 Rh6 25. Kg2 Kf7 26. Qf3+ Kg7 27. Nc5 Qc8 28. Rh1 Rh4 29. Rxh4 gxh4 30. g5 Bxg5 31. Qg4 Bxc1 32. Nxe6+ Kh7 33. Qxh4+ Bh6 34. Ng5+ Kg8 35. e6 Qf8 36. Nf7 Bg7 37. Ng5 Bh6 38. Nf7 Bg7 39. Ng5 1/2-1/2

[Event "2026 European Womens Championship"]
[Site "Batumi, GE"]
[Date "2026.05.28"]
[Round "4"]
[White "Venskaya, Nika"]
[Black "Berke, Ana"]
[Result "1-0"]
[Board "59"]
[TimeControl "5400+30"]
[WhiteFideId "13523503"]
[BlackFideId "14510359"]
[WhiteElo "1937"]
[BlackElo "2164"]
[WhiteTitle "WCM"]
[BlackTitle "WIM"]
[WhiteClock "0:25:42"]
[BlackClock "0:01:18"]
[Variant "Standard"]

1. d4 d5 2. c4 e6 3. Nf3 Nf6 4. g3 Bb4+ 5. Bd2 a5 6. Bg2 O-O 7. O-O dxc4 8. Qc2 Bxd2 9. Nbxd2 b5 10. a4 c6 11. b3 cxb3 12. Nxb3 Ba6 13. Nc5 bxa4 14. Nxa6 Rxa6 15. Rxa4 Nbd7 16. Nd2 Nb6 17. Qxc6 Nxa4 18. Qxa6 Qxd4 19. Nb3 Qb4 20. Nxa5 Nc3 21. Bf3 h5 22. h4 e5 23. Nc6 Qc5 24. e3 e4 25. Bd1 Qd6 26. Bb3 Nd7 27. Qc4 Qd2 28. Kg2 Nf6 29. Qd4 Qb2 30. Bc4 Qa3 31. Ne5 Qa5 32. Rc1 Ncd5 33. Nc6 Qa3 34. Ra1 Qc3 35. Ne7+ Kh8 36. Nxd5 Qxd4 37. exd4 Rc8 38. Nxf6 1-0

[Event "2026 European Womens Championship"]
[Site "Batumi, GE"]
[Date "2026.05.28"]
[Round "4"]
[White "Demirtas, Hafize"]
[Black "Khachatryan, Anna"]
[Result "0-1"]
[Board "60"]
[TimeControl "5400+30"]
[WhiteFideId "6382070"]
[BlackFideId "13310780"]
[WhiteElo "1928"]
[BlackElo "2154"]
[BlackTitle "WFM"]
[WhiteClock "0:00:43"]
[BlackClock "0:03:11"]
[Variant "Standard"]

1. f4 Nf6 2. Nf3 c5 3. e3 g6 4. b3 Bg7 5. Bb2 O-O 6. a4 d6 7. Na3 Nc6 8. Bb5 Bd7 9. O-O a6 10. Bc4 e5 11. fxe5 Ng4 12. Rb1 Ngxe5 13. Bd5 Qc7 14. Nxe5 dxe5 15. Qe2 Nb4 16. e4 Rab8 17. c4 Qd6 18. Bc3 Nxd5 19. cxd5 b5 20. axb5 axb5 21. Kh1 f5 22. d3 Ra8 23. Bb2 f4 24. Ra1 g5 25. g4 h5 26. gxh5 g4 27. Rg1 Qh6 28. Nxb5 Rxa1 29. Bxa1 Bxb5 30. Rxg4 f3 31. Qf2 Kh8 32. h4 Qc1+ 33. Rg1 Qf4 34. h6 Bxh6 35. Rg6 Kh7 36. h5 Be8 37. Re6 Qc1+ 38. Kh2 Bf4+ 39. Kh3 Qh1+ 0-1

[Event "2026 European Womens Championship"]
[Site "Batumi, GE"]
[Date "2026.05.28"]
[Round "4"]
[White "Giorgadze, Mariam Ere"]
[Black "Mgeladze, Kesaria"]
[Result "0-1"]
[Board "61"]
[TimeControl "5400+30"]
[WhiteFideId "13636839"]
[BlackFideId "13621130"]
[WhiteElo "1909"]
[BlackElo "2147"]
[BlackTitle "WIM"]
[WhiteClock "0:01:10"]
[BlackClock "0:12:36"]
[Variant "Standard"]

1. e4 c5 2. Nf3 d6 3. d4 cxd4 4. Nxd4 Nf6 5. Nc3 a6 6. Bg5 e6 7. f4 h6 8. Bh4 Nbd7 9. Qf3 e5 10. Bxf6 Nxf6 11. Nb3 Be7 12. f5 b5 13. a3 Bb7 14. O-O-O Rc8 15. Nd5 Nxd5 16. exd5 Qb6 17. h4 Rb8 18. Qd3 Bc8 19. g4 Bd7 20. Be2 a5 21. Nd2 b4 22. Qa6 Qc5 23. axb4 Qxb4 24. b3 e4 25. Qc4 Qa3+ 26. Kb1 Bf6 27. c3 O-O 28. g5 Be5 29. Qxe4 Rxb3+ 30. Nxb3 Qxb3+ 31. Kc1 Qxc3+ 0-1

[Event "2026 European Womens Championship"]
[Site "Batumi, GE"]
[Date "2026.05.28"]
[Round "4"]
[White "Rekhviashvili, Mariam"]
[Black "Mamedjarova, Zeinab"]
[Result "0-1"]
[Board "62"]
[TimeControl "5400+30"]
[WhiteFideId "13635859"]
[BlackFideId "13401521"]
[WhiteElo "1836"]
[BlackElo "2137"]
[BlackTitle "WGM"]
[WhiteClock "0:14:58"]
[BlackClock "0:17:54"]
[Variant "Standard"]

1. e4 d5 2. exd5 Qxd5 3. Nc3 Qd8 4. d4 Nf6 5. Nf3 e6 6. Bd3 Be7 7. Bf4 O-O 8. Qd2 b6 9. O-O-O Bb7 10. Rhe1 Nbd7 11. Ng5 c5 12. Bc4 cxd4 13. Qxd4 Nd5 14. Nxd5 Bxg5 15. Bxg5 Qxg5+ 16. f4 Qd8 17. Ne3 Nf6 18. Qe5 Qb8 19. Qg5 Qc7 20. f5 Qc5 21. b4 Qxb4 22. fxe6 Qa3+ 23. Kb1 Ne4 24. exf7+ Kh8 25. Qe5 Nc3+ 26. Ka1 Nxd1 27. Rxd1 Rad8 28. Rf1 Qd6 29. Qg5 h6 30. Qf4 Qxf4 31. Rxf4 g6 32. Ng4 Bd5 33. Bd3 Rxf7 34. Rd4 Rfd7 35. Ne5 Rd6 36. Nxg6+ Kg7 37. Nf4 Bf7 38. Re4 Re8 39. Ra4 Re7 40. Nh3 Bg6 41. Rg4 h5 42. Rg3 Kh6 43. Nf4 Bxd3 44. Nxd3 Re2 45. Kb1 Rc6 46. Nb4 Rg6 47. Rc3 Rexg2 48. Rh3 Kg5 49. Nd3 Rc6 50. Rxh5+ Kxh5 51. Nf4+ Kg4 52. Nxg2 Re6 53. Kc1 Re2 54. h3+ Kg3 0-1

[Event "2026 European Womens Championship"]
[Site "Batumi, GE"]
[Date "2026.05.28"]
[Round "4"]
[White "Dwilewicz, Katarzyna"]
[Black "Radikovic, Anamarija"]
[Result "0-1"]
[Board "63"]
[TimeControl "5400+30"]
[WhiteFideId "1148486"]
[BlackFideId "14546264"]
[WhiteElo "2131"]
[BlackElo "1974"]
[WhiteTitle "WIM"]
[BlackTitle "WFM"]
[WhiteClock "0:10:07"]
[BlackClock "0:07:12"]
[Variant "Standard"]

1. e4 c5 2. Nf3 e6 3. d4 cxd4 4. Nxd4 a6 5. Bd3 Bc5 6. Nb3 Ba7 7. Qe2 Nc6 8. Nc3 Nge7 9. Be3 O-O 10. O-O-O b5 11. f4 b4 12. Na4 Qc7 13. e5 Nd5 14. Bxa7 Qxa7 15. g3 a5 16. Nbc5 Rd8 17. Be4 Nce7 18. Qh5 f5 19. Bxd5 Nxd5 20. g4 Bb7 21. gxf5 Ne3 22. Rhg1 Nxf5 23. Qg5 h6 24. Qg6 Bf3 25. Rd3 Be2 26. Rh3 h5 27. Ne4 Bg4 28. Nf6+ Kf8 29. Nh7+ Ke7 30. Qg5+ Ke8 31. Rxg4 hxg4 32. Nf6+ Kf7 33. Qh5+ Ke7 34. Qxg4 Qf2 35. Rd3 Rac8 36. c3 bxc3 37. Nxc3 Qf1+ 38. Rd1 Qf2 39. Qg5 Qh4 40. Nfd5+ Kf7 41. Qxh4 Nxh4 42. Ne3 Ng6 43. Rd4 Ke7 44. Nc4 Rc5 45. Nd6 Rb8 46. a3 Nh4 47. Ra4 Rf8 48. Nb7 Rc7 49. Nxa5 Ng2 50. Kd2 Nxf4 51. Re4 g5 52. b4 Rh8 53. b5 Rxh2+ 54. Ne2 Rc5 55. a4 Nxe2 56. Rxe2 Rd5+ 57. Ke1 Rxe2+ 58. Kxe2 Rxe5+ 59. Kf3 Rf5+ 60. Kg4 Rf4+ 0-1

[Event "2026 European Womens Championship"]
[Site "Batumi, GE"]
[Date "2026.05.28"]
[Round "4"]
[White "Vidic, Teja"]
[Black "Avelino, Camila Biscaya"]
[Result "1-0"]
[Board "64"]
[TimeControl "5400+30"]
[WhiteFideId "14605511"]
[BlackFideId "1938975"]
[WhiteElo "2123"]
[BlackElo "1937"]
[WhiteTitle "WIM"]
[BlackTitle "WFM"]
[WhiteClock "0:48:47"]
[BlackClock "0:19:39"]
[Variant "Standard"]

1. e4 c5 2. Nf3 d6 3. d4 cxd4 4. Nxd4 Nf6 5. Nc3 Nc6 6. Bg5 e6 7. Qd3 Bd7 8. O-O-O Be7 9. Ndb5 d5 10. exd5 Nb4 11. Qg3 Nfxd5 12. Bxe7 Qxe7 13. Nxd5 Nxd5 14. Qxg7 Rf8 15. Qg3 Qc5 16. Rxd5 exd5 17. Nc7+ Ke7 18. Nxa8 Rxa8 19. Bd3 Rh8 20. Qe5+ 1-0

[Event "2026 European Womens Championship"]
[Site "Batumi, GE"]
[Date "2026.05.28"]
[Round "4"]
[White "Ivekovic, Tihana"]
[Black "Rusitashvili, Tea"]
[Result "1-0"]
[Board "65"]
[TimeControl "5400+30"]
[WhiteFideId "14517825"]
[BlackFideId "13640771"]
[WhiteElo "2119"]
[BlackElo "1929"]
[WhiteTitle "WFM"]
[BlackTitle "WCM"]
[WhiteClock "0:17:09"]
[BlackClock "0:19:37"]
[Variant "Standard"]

1. e4 c5 2. Nf3 Nc6 3. c3 Nf6 4. e5 Nd5 5. Bc4 Nb6 6. Bb3 d5 7. exd6 Qxd6 8. O-O Be6 9. Bxe6 Qxe6 10. a4 Qd7 11. a5 Nd5 12. a6 b6 13. d4 cxd4 14. Nxd4 e6 15. Nxc6 Qxc6 16. Qg4 Be7 17. Qxg7 O-O-O 18. Qg3 Rhg8 19. Qf3 h5 20. Be3 Rg6 21. c4 Nb4 22. Qxc6+ Nxc6 23. Nc3 Rg4 24. Ra4 Bb4 25. Nb5 Rxc4 26. b3 Rg4 27. h3 Re4 28. Rc1 Kd7 29. Rd1+ Kc8 30. Nxa7+ Nxa7 31. Rxd8+ Kxd8 32. Bxb6+ Kc8 33. Bxa7 Re1+ 34. Kh2 Bd6+ 35. g3 Rb1 36. Be3 Kb8 37. a7+ Ka8 38. Rc4 Kb7 39. Rc8 Ra1 40. Rh8 Ra3 41. b4 Ra4 42. Rxh5 Rxb4 43. Rh7 1-0

[Event "2026 European Womens Championship"]
[Site "Batumi, GE"]
[Date "2026.05.28"]
[Round "4"]
[White "Donghvani, Nia"]
[Black "Ashotia, Barbare"]
[Result "1/2-1/2"]
[Board "66"]
[TimeControl "5400+30"]
[WhiteFideId "13614649"]
[BlackFideId "13625187"]
[WhiteElo "2117"]
[BlackElo "1913"]
[WhiteTitle "WFM"]
[WhiteClock "0:29:18"]
[BlackClock "0:02:25"]
[Variant "Standard"]

1. Nf3 c5 2. c4 Nc6 3. Nc3 Nf6 4. g3 g6 5. Bg2 Bg7 6. d4 cxd4 7. Nxd4 O-O 8. O-O a6 9. Nc2 d6 10. b3 Be6 11. Bb2 Rb8 12. Nd5 Nxd5 13. Bxg7 Ne3 14. Nxe3 Kxg7 15. Nd5 Qc8 16. Nf4 Bd7 17. Qd2 Rd8 18. h4 f6 19. Kh2 Rf8 20. Rac1 Qe8 21. Nd5 Ne5 22. Kg1 Qf7 23. e4 h5 24. f4 Ng4 25. Ne3 Nxe3 26. Qxe3 Bc6 27. e5 dxe5 28. fxe5 Bxg2 29. Kxg2 f5 30. Rcd1 Rbd8 31. Qf3 Qe6 32. Qxb7 Rxd1 33. Rxd1 Qxe5 34. Qf3 Rf6 35. Rd2 f4 36. Re2 Qd6 37. Rf2 fxg3 38. Qxg3 Qc6+ 39. Kh2 Rxf2+ 40. Qxf2 Qe4 41. Kg1 1/2-1/2

[Event "2026 European Womens Championship"]
[Site "Batumi, GE"]
[Date "2026.05.28"]
[Round "4"]
[White "Lomaia, Diana"]
[Black "Kalandadze, Mariam"]
[Result "0-1"]
[Board "67"]
[TimeControl "5400+30"]
[WhiteFideId "13612476"]
[BlackFideId "13621122"]
[WhiteElo "2110"]
[BlackElo "1892"]
[WhiteTitle "WFM"]
[WhiteClock "0:29:56"]
[BlackClock "0:32:24"]
[Variant "Standard"]

1. d4 Nf6 2. c4 c5 3. d5 b5 4. Qc2 bxc4 5. e4 d6 6. Bxc4 g6 7. f4 Bg7 8. Nf3 O-O 9. O-O Ba6 10. Nbd2 Bxc4 11. Nxc4 Na6 12. a3 Nc7 13. Rd1 Qc8 14. h3 Rd8 15. Bd2 e6 16. e5 dxe5 17. d6 Nb5 18. fxe5 Nd5 19. a4 Nd4 20. Nxd4 cxd4 21. Qd3 f6 22. Rac1 Qd7 23. Qxd4 fxe5 24. Qg4 Nf6 25. Qe2 Nd5 26. b3 Rab8 27. Bg5 Rf8 28. Rf1 Rxf1+ 29. Rxf1 h6 30. Bd2 Rxb3 31. Nxe5 Qxd6 32. Nxg6 Qb6+ 33. Kh1 Rb1 34. Be1 Qe3 35. Ne7+ Kh8 36. Qc2 Rc1 37. Nxd5 exd5 38. Qf5 Rxe1 39. Qc8+ Qe8 40. Qf5 Rxf1+ 41. Qxf1 Qxa4 42. Qd3 Qe4 0-1

[Event "2026 European Womens Championship"]
[Site "Batumi, GE"]
[Date "2026.05.28"]
[Round "4"]
[White "Mkrtchyan, Anahit H."]
[Black "Nahapetyan, Ani"]
[Result "1/2-1/2"]
[Board "68"]
[TimeControl "5400+30"]
[WhiteFideId "13314858"]
[BlackFideId "13317776"]
[WhiteElo "2107"]
[BlackElo "1827"]
[WhiteClock "0:02:36"]
[BlackClock "0:45:32"]
[Variant "Standard"]

1. e4 e6 2. d4 d5 3. Nc3 Nf6 4. e5 Nfd7 5. f4 c5 6. Nf3 Nc6 7. Be3 a6 8. a4 Qb6 9. Qd2 Qxb2 10. Rb1 Qa3 11. Rb3 Qa1+ 12. Kf2 cxd4 13. Nxd4 Nc5 14. Nxc6 Nxb3 15. cxb3 bxc6 16. Bb5 Qxh1 17. Bxc6+ Bd7 18. Bxd7+ Kxd7 19. Nxd5 exd5 20. Qxd5+ Kc7 21. Qxf7+ Kb8 22. Qe8+ Kb7 23. Qd7+ Kb8 24. Qd8+ Kb7 25. Qb6+ Kc8 26. Qc6+ Kb8 27. Bb6 Ra7 28. Bxa7+ Kxa7 29. Qc7+ Ka8 30. Qc8+ Ka7 1/2-1/2

[Event "2026 European Womens Championship"]
[Site "Batumi, GE"]
[Date "2026.05.28"]
[Round "4"]
[White "Asatiani, Natali"]
[Black "Aghaverdiyeva, Maryam"]
[Result "1/2-1/2"]
[Board "69"]
[TimeControl "5400+30"]
[WhiteFideId "13636715"]
[BlackFideId "13452509"]
[WhiteElo "1603"]
[BlackElo "2103"]
[BlackTitle "WFM"]
[WhiteClock "0:00:40"]
[BlackClock "0:06:57"]
[Variant "Standard"]

1. e4 c5 2. c3 Nf6 3. e5 Nd5 4. d4 cxd4 5. Nf3 e6 6. cxd4 d6 7. Bc4 Be7 8. O-O O-O 9. Bd2 b6 10. Nc3 Nxc3 11. Bxc3 Bb7 12. Bb3 Nd7 13. Bc2 Rc8 14. Qd3 g6 15. Rfe1 Qc7 16. Qe3 b5 17. Rac1 Qb8 18. Ng5 Nb6 19. Nxh7 Kxh7 20. Bd2 Rxc2 21. Qh6+ Kg8 22. Rxc2 Rc8 23. Rxc8+ Qxc8 24. Rc1 Qd7 25. Rc3 Bf8 26. Qh4 Bg7 27. Rh3 Qc6 28. Qd8+ Bf8 29. Rh8+ Kxh8 30. Qxf8+ Kh7 31. Qxf7+ Kh8 32. Qf8+ Kh7 33. Qh6+ Kg8 34. Qxg6+ Kh8 35. Qf6+ Kh7 36. Qh6+ Kg8 37. Qxe6+ Kh8 38. Qf6+ Kg8 39. Qg6+ Kh8 40. Bh6 Qd7 41. Qxd6 Qg4 42. f3 Bxf3 43. Qf6+ Kh7 44. Qxf3 Qxf3 45. gxf3 Kxh6 46. f4 Kg6 47. Kf2 Kf5 48. Kf3 Nd5 1/2-1/2

[Event "2026 European Womens Championship"]
[Site "Batumi, GE"]
[Date "2026.05.28"]
[Round "4"]
[White "Shuqja, Klean"]
[Black "Chighvaria, Ana"]
[Result "1-0"]
[Board "70"]
[TimeControl "5400+30"]
[WhiteFideId "4701585"]
[BlackFideId "13628666"]
[WhiteElo "2092"]
[BlackElo "1518"]
[WhiteTitle "WFM"]
[WhiteClock "0:10:51"]
[BlackClock "0:18:24"]
[Variant "Standard"]

1. e4 c6 2. d4 d5 3. Nd2 dxe4 4. Nxe4 Nf6 5. Nxf6+ exf6 6. c3 Bd6 7. Bd3 O-O 8. Qc2 Re8+ 9. Ne2 h5 10. Be3 Nd7 11. c4 Nf8 12. O-O-O Be6 13. Kb1 Rc8 14. Nc3 Bb4 15. a3 Bxc3 16. Qxc3 b5 17. h3 bxc4 18. Bxc4 Bd5 19. Rhg1 h4 20. g3 hxg3 21. Rxg3 Bxc4 22. Qxc4 Qd5 23. Qxd5 cxd5 24. Rdg1 g6 25. h4 Re4 26. h5 a6 27. hxg6 fxg6 28. Rh3 Kf7 29. Rh8 Kg7 30. Rgh1 f5 31. Bd2 Kf7 32. Bb4 Rxd4 33. Bxf8 Rxf8 34. R1h7+ Ke8 35. Rxf8+ Kxf8 36. Ra7 Ra4 37. Ka2 g5 38. b4 g4 39. Kb3 f4 40. Rd7 g3 41. fxg3 fxg3 42. Rxd5 1-0

[Event "2026 European Womens Championship"]
[Site "Batumi, GE"]
[Date "2026.05.28"]
[Round "4"]
[White "Vakhania, Aleksandra"]
[Black "Damaso Tacoronte, Carolina"]
[Result "0-1"]
[Board "73"]
[TimeControl "5400+30"]
[WhiteFideId "13602560"]
[BlackFideId "2292858"]
[WhiteElo "2079"]
[BlackElo "1890"]
[WhiteTitle "WIM"]
[WhiteClock "0:04:25"]
[BlackClock "0:01:33"]
[Variant "Standard"]

1. d4 d5 2. Nf3 Nf6 3. Bg5 Nbd7 4. e3 e6 5. Bd3 Be7 6. Nbd2 c5 7. c3 O-O 8. h4 Re8 9. Ne5 Nxe5 10. dxe5 Nd7 11. Bf4 Nf8 12. Qg4 f5 13. Qg3 Nd7 14. h5 Kh8 15. Nf3 c4 16. Bc2 Nc5 17. Ng5 Bxg5 18. Bxg5 Qc7 19. h6 g6 20. Bf6+ Kg8 21. f4 b5 22. Rh5 a5 23. Rg5 Qf7 24. Qh4 b4 25. g4 b3 26. axb3 cxb3 27. Bb1 a4 28. gxf5 exf5 29. Rg2 Be6 30. Qh5 Kf8 31. Qe2 Reb8 32. Ra3 Bd7 33. Bd3 Ra5 34. Rg1 Bb5 35. Bxb5 Raxb5 36. Qd2 Rc8 37. Qd4 Rb7 38. Ke2 Rd7 39. Raa1 Ra7 40. Rgd1 Rd7 41. Qb4 Kg8 42. Bg5 Qe6 43. Rd4 Rb7 44. Qa3 Qa6+ 45. Kf3 Qc6 46. Rad1 Ne6 47. R4d3 d4+ 48. Kf2 dxe3+ 49. Kxe3 Qe4+ 50. Kf2 Re8 51. Qd6 Nxf4 52. Kg3 Nxd3 53. Bf6 Qf4+ 54. Kg2 Qg4+ 55. Kh2 Qe2+ 56. Kh3 Nf2+ 57. Kg3 Qxd1 58. Qc6 Ne4+ 59. Kf4 Qd7 60. Qc4+ Qe6 61. Qxa4 Nxf6 62. exf6 Qe4+ 0-1

[Event "2026 European Womens Championship"]
[Site "Batumi, GE"]
[Date "2026.05.28"]
[Round "4"]
[White "Krkyasharyan, Sona"]
[Black "Xing, Lida"]
[Result "1-0"]
[Board "74"]
[TimeControl "5400+30"]
[WhiteFideId "13316729"]
[BlackFideId "13326171"]
[WhiteElo "2063"]
[BlackElo "1598"]
[WhiteTitle "WFM"]
[WhiteClock "0:53:15"]
[BlackClock "0:35:51"]
[Variant "Standard"]

1. d4 Nf6 2. c4 e6 3. Nf3 Bb4+ 4. Bd2 Qe7 5. g3 Bxd2+ 6. Qxd2 Nc6 7. Bg2 d5 8. O-O O-O 9. Nc3 Rd8 10. Rfd1 Ne4 11. Qc2 f5 12. a3 Qf6 13. b4 a6 14. e3 Ne7 15. Ne5 c6 16. a4 Bd7 17. b5 cxb5 18. axb5 Be8 19. bxa6 bxa6 20. Rdb1 Bh5 21. Rb6 Ng6 22. Nxd5 Rxd5 23. cxd5 Nxe5 24. Rxe6 1-0

[Event "2026 European Womens Championship"]
[Site "Batumi, GE"]
[Date "2026.05.28"]
[Round "4"]
[White "Khairova, Evelina"]
[Black "Golsta, Madara"]
[Result "0-1"]
[Board "75"]
[TimeControl "5400+30"]
[WhiteFideId "2845768"]
[BlackFideId "11607386"]
[WhiteElo "1880"]
[BlackElo "2023"]
[WhiteClock "0:01:19"]
[BlackClock "0:34:43"]
[Variant "Standard"]

1. e4 c5 2. Nf3 g6 3. c3 Nf6 4. e5 Nd5 5. d4 cxd4 6. cxd4 Bg7 7. Nc3 Nxc3 8. bxc3 O-O 9. Bf4 Qa5 10. Qb3 d6 11. exd6 exd6 12. Bxd6 Re8+ 13. Kd2 Nc6 14. Qa3 Qf5 15. Qc5 Bh6+ 16. Kd1 Qe4 17. Qc4 Bf5 18. Qe2 Qd5 19. Be5 Rad8 20. Qb5 Nxe5 21. Qxd5 Rxd5 22. Nxe5 Rexe5 23. Bc4 Rd7 24. h3 Rc5 0-1

[Event "2026 European Womens Championship"]
[Site "Batumi, GE"]
[Date "2026.05.28"]
[Round "4"]
[White "Chkhartishvili, Lika"]
[Black "Diasamidze, Lulu"]
[Result "1/2-1/2"]
[Board "76"]
[TimeControl "5400+30"]
[WhiteFideId "13635166"]
[BlackFideId "13623818"]
[WhiteElo "1822"]
[BlackElo "1924"]
[WhiteClock "0:03:37"]
[BlackClock "0:01:47"]
[Variant "Standard"]

1. e4 c5 2. Nf3 e6 3. d4 cxd4 4. Nxd4 Nc6 5. Nb5 d6 6. c4 a6 7. Nd4 Nf6 8. Nc3 Be7 9. Be2 O-O 10. O-O Qc7 11. Be3 Nxd4 12. Bxd4 Qc6 13. Qd3 Nd7 14. Rac1 Ne5 15. Qg3 Ng6 16. f4 Bh4 17. Qd3 Rd8 18. Be3 Bf6 19. g3 Rb8 20. Bf3 Bxc3 21. Qxc3 b6 22. b4 Bb7 23. Bd4 e5 24. fxe5 dxe5 25. Bxe5 Nxe5 26. Qxe5 f6 27. Qf4 Qa4 28. c5 bxc5 29. bxc5 Rbc8 30. Rfd1 Re8 31. Qg4 Bc6 32. Rd2 Qa3 33. Rdc2 Qe3+ 34. Kg2 Rcd8 35. Qf4 Qd3 36. Rf2 Qa3 37. Rcc2 Rd3 38. h3 Qa4 39. Rcd2 Rxd2 40. Rxd2 Qa3 1/2-1/2

[Event "2026 European Womens Championship"]
[Site "Batumi, GE"]
[Date "2026.05.28"]
[Round "4"]
[White "Manukyan, Tamara"]
[Black "Muradyan, Anahit"]
[Result "1/2-1/2"]
[Board "77"]
[TimeControl "5400+30"]
[WhiteFideId "13321307"]
[BlackFideId "13314807"]
[WhiteElo "1707"]
[BlackElo "1977"]
[WhiteClock "0:45:30"]
[BlackClock "0:25:17"]
[Variant "Standard"]

1. e4 c5 2. Nf3 e6 3. c3 Nf6 4. e5 Nd5 5. d4 cxd4 6. cxd4 d6 7. Bc4 Nb6 8. Bd3 dxe5 9. dxe5 Bb4+ 10. Nc3 Nd5 11. Qc2 Nc6 12. O-O Bxc3 13. bxc3 Qc7 14. Re1 h6 15. Ba3 Qa5 16. Bb2 O-O 17. Re4 Nde7 18. Bc1 f5 19. Ra4 Qc7 20. Bf4 Nd5 21. Re1 Bd7 22. Qd2 Rf7 23. Bxh6 gxh6 24. Qxh6 Rg7 25. Rh4 Qd8 26. Rh5 Qe7 27. Qh8+ Kf7 28. Qxa8 Nf4 29. Rh6 Rxg2+ 30. Kh1 Nxd3 31. h4 Nxe1 32. Ng5+ Rxg5 33. hxg5 Qe8 34. Qxb7 Nxe5 35. f4 Kg8 36. Qxa7 Ng4 37. Rh3 Bc6+ 38. Kg1 Nf3+ 39. Kf1 Bb5+ 40. Kg2 Ne1+ 41. Kg1 Qd7 42. Qb8+ Qe8 43. Qa7 Qd7 1/2-1/2

[Event "2026 European Womens Championship"]
[Site "Batumi, GE"]
[Date "2026.05.28"]
[Round "4"]
[White "Recica, Jona"]
[Black "Saraci, Rinesa"]
[Result "1/2-1/2"]
[Board "78"]
[TimeControl "5400+30"]
[WhiteFideId "22105239"]
[BlackFideId "4701976"]
[WhiteElo "1842"]
[BlackElo "1754"]
[BlackTitle "WCM"]
[WhiteClock "1:16:30"]
[BlackClock "1:11:05"]
[Variant "Standard"]

1. e4 e5 2. Nf3 Nc6 3. d4 exd4 4. Bc4 Nf6 5. Ng5 Ne5 6. Bb3 h6 7. f4 hxg5 8. fxe5 Nxe4 9. Bxf7+ Kxf7 10. Qf3+ Kg8 11. O-O Nc5 12. Qf7+ Kh7 13. Qh5+ Kg8 14. Qf7+ Kh7 15. Qh5+ Kg8 16. Qf7+ Kh7 17. Qh5+ Kg8 1/2-1/2

[Event "2026 European Womens Championship"]
[Site "Batumi, GE"]
[Date "2026.05.28"]
[Round "4"]
[White "Danielyan, Lilia"]
[Black "Gharibyan, Mane"]
[Result "0-1"]
[Board "79"]
[TimeControl "5400+30"]
[WhiteFideId "13319841"]
[BlackFideId "13306430"]
[WhiteElo "1728"]
[BlackElo "1776"]
[WhiteClock "0:00:35"]
[BlackClock "0:00:54"]
[Variant "Standard"]

1. c4 Nf6 2. g3 e6 3. Bg2 d5 4. Nf3 Be7 5. O-O O-O 6. d4 b6 7. Nc3 Bb7 8. Ne5 c5 9. dxc5 Bxc5 10. Bg5 Be7 11. cxd5 exd5 12. Nc4 Nc6 13. Bxf6 dxc4 14. Bxe7 Qxe7 15. Qa4 Ne5 16. Nd5 Bxd5 17. Bxd5 Rac8 18. Rac1 Rc5 19. Qa3 Qd7 20. e4 Qh3 21. f3 Qh6 22. Qc3 Nd3 23. Rc2 Qe3+ 24. Kg2 b5 25. Rd1 Rfc8 26. Qd2 Qxd2+ 27. Rcxd2 b4 28. Bxc4 Rxc4 29. Rxd3 Rc2+ 30. R1d2 g6 31. Kf2 Kg7 32. Ke3 a5 33. Rxc2 Rxc2 34. Rd2 Rc1 35. Kf4 Kf6 36. h4 Rc5 37. Rd6+ Ke7 38. Rd2 Ke6 39. Ke3 Ke5 40. f4+ Ke6 41. g4 Rc1 42. f5+ Ke7 43. Kf4 Rg1 44. h5 gxh5 45. gxh5 h6 46. Ke5 f6+ 47. Kd5 Rc1 48. Rg2 Kf7 49. b3 Rd1+ 50. Kc4 Re1 51. Kd3 Rh1 52. Rc2 a4 53. bxa4 Rxh5 54. Rc7+ Kg8 55. Kc4 Rh2 56. Kxb4 Rxa2 57. Kb5 Rb2+ 58. Kc5 Ra2 59. Ra7 h5 60. Kd5 h4 61. Ke6 Re2 62. Kxf6 Rxe4 63. a5 h3 64. a6 h2 65. Ra8+ Kh7 66. a7 Ra4 67. Re8 h1=Q 68. Re7+ Kh6 0-1